 Dungeon Crawl Stone Soup version 0.20.0-7-g3b7b877 (webtiles) character file.

18 skittles the Firebug (level 2, 34/34 HPs)
             Began as a Draconian Fire Elementalist on May 29, 2017.
             Quit the game on level 1 of the Dungeon.
             The game lasted 00:02:01 (480 turns).

skittles the Firebug (Draconian Fire Elementalist)   Turns: 480, Time: 00:02:02

Health: 34/34      AC: 21    Str: 10    XL:     2   Next: 51%
Magic:  2/5        EV:  2    Int: 15    God:
Gold:   18         SH:  0    Dex: 16    Spells: 4/5 levels left

rFire    . . .     SeeInvis .   g - -1 short sword (curse)
rCold    . . .     Gourm    .   (no shield)
rNeg     + + +     Faith    .   (armour unavailable)
rPois    +         Spirit   .   (helmet currently unavailable)
rElec    .         Reflect  .   (cloak currently unavailable)
rCorr    .         Harm     .   (gloves currently unavailable)
MR       .....     NoTele   +   (boots currently unavailable)
Stlth    +++.......             h - amulet of regeneration
Regen    0.6/turn               (no ring)
MPRegen  0.1/turn               (no ring)

@: agile, tree-form
A: unfitting armour, AC +4
a: no special abilities


You were on level 1 of the Dungeon.
You were not hungry.
You were a tree.
You visited 1 branch of the dungeon, and saw 1 of its levels.

You collected 18 gold pieces.

Inventory:

Hand Weapons
 d - a +0 dagger
 g - a cursed -1 short sword (weapon)
Jewellery
 h - an amulet of regeneration (around neck)
Books
 a - a book of Flames

   Spells                             Type                      Level
   a - Flame Tongue                   Conjuration/Fire             1
   b - Throw Flame                    Conjuration/Fire             2
   c - Conjure Flame                  Conjuration/Fire             3
   d - Inner Flame                    Hexes/Fire                   3
   e - Sticky Flame                   Conjuration/Fire             4
   f - Fireball                       Conjuration/Fire             5
Comestibles
 b - 3 bread rations


   Skills:
 + Level 1.2 Fighting
 + Level 1.9 Dodging
 - Level 1.7 Stealth
 - Level 2.0 Spellcasting
 + Level 1.5 Conjurations
 + Level 3.3 Fire Magic


You had 4 spell levels left.
You knew the following spells:

 Your Spells              Type           Power        Failure   Level  Hunger
a - Flame Tongue          Conj/Fire      #....        9%          1    #......


Dungeon Overview and Level Annotations

Branches:
Dungeon (1/15)

Altars:


Innate Abilities, Weirdness & Mutations

((Your plain brown scales are hard. (AC +4)))
You cannot fit into any form of body armour.
((You are cold-blooded and may be slowed by cold attacks.))


Message History

The helpless hobgoblin fails to defend itself.
You hit the hobgoblin.
The hobgoblin is moderately wounded.
The hobgoblin barely misses you.
You hit the hobgoblin.
Your tail-slap misses the hobgoblin.
The hobgoblin is almost dead.
The hobgoblin barely misses you.
You hit the hobgoblin.
You kill the hobgoblin!
No target in view!
No target in view!
Unknown command.
Quiver which item? (- for none, * to show all) (? for menu, Esc to quit)
Okay, then.
It was a potion of lignification.
You turn into a tree.
Your roots penetrate the ground.
It was a potion of flight.
Your roots keep you in place.
It was a potion of agility.
You feel agile all of a sudden.
Are you sure you want to abandon this character and quit the game? (Confirm with "yes".)

#.# ##..#...#....
#.########.........$....
#.'............$........
#.########..............
#.#### #............##
#....#####.#............
#..#.##....#............
........##.#...?........
######†.####....♣......#
# #..####.#...†.....# #
#†.).####.........# #
##.#.# #.....#...) #
#...# ...........
########### #...........
......#..# ............
.......#. ##.##...).##
#.......##


There were no monsters in sight!

Vanquished Creatures
  A dart slug (D:1)
  4 goblins (D:1)
  3 hobgoblins (D:1)
  3 kobolds (D:1)
  A bat (D:1)
  A frilled lizard (D:1)
  3 rats (D:1)
16 creatures vanquished.

Notes
Turn   | Place    | Note
-------+----------+-------------------------------------------
     0 | D:1      | skittles the Draconian Fire Elementalist began the quest for the Orb.
     0 | D:1      | Reached XP level 1. HP: 14/14 MP: 3/3
    75 | D:1      | Reached XP level 2. HP: 22/22 MP: 0/5
   321 | D:1      | Reached skill level 1 in Fighting
   480 | D:1      | Quit the game

Skill      XL: |  1  2 |
---------------+-------+-----
Fighting       | 1 |  1.2
Dodging        | |  1.9
Stealth        | |  1.7
Spellcasting   | |  2.0
Conjurations   | |  1.5
Fire Magic     | |  3.3

Action                   || total
-------------------------++-------
Melee: Unarmed           ||    24
       Tailslap          ||     1
       Dagger            ||     8
       Short sword       ||     3
 Cast: Flame Tongue      ||    13
  Use: Potion            ||     3
       Scroll            ||     2
 Stab: Sleeping          ||     3
Armor: Skin              ||     6
Dodge: Dodged            ||    33
